 Dungeon Crawl Stone Soup version 0.26-a0-812-g31a745ddcd (webtiles) character file.

Game seed: 9635251676900037889

7066 Lanoc the Tainter (level 11, -26/91 HPs)
             Began as a Naga Venom Mage on Dec 9, 2020.
             Was an Elder of Fedhas.
             Annihilated by a white ugly thing (28 damage)
             ... on level 11 of the Dungeon.
             The game lasted 00:19:55 (13785 turns).

Lanoc the Tainter (Naga Venom Mage)                Turns: 13785, Time: 00:19:56

Health: -26/91     AC:  6    Str: 10    XL:     11   Next: 9%
Magic:  3/16       EV: 16    Int: 19    God:    Fedhas [****..]
Gold:   767        SH:  5    Dex: 12    Spells: 3/14 levels left

rFire    . . .     SeeInvis +   m - +7 mace of Variability {chain chaos}
rCold    . . .     Faith    .   (shield currently unavailable)
rNeg     . . .     Spirit   .   z - +1 leather armour {MR+}
rPois    +         Reflect  +   (no helmet)
rElec    .         Harm     .   (no cloak)
rCorr    .         Rampage  .   (no gloves)
MR       ++...                  (no barding)
Stlth    ++........             o - amulet of reflection
HPRegen  0.25/turn              s - ring of wizardry
MPRegen  0.15/turn              E - +4 ring of evasion

@: hasted, quick
A: large, see invisible, deformed body, poison resistance, slowness 2, spit
poison 1, AC +3
a: Spit Poison, Wall of Briars, Grow Ballistomycete, Overgrow, Renounce Religion


You were on level 11 of the Dungeon.
You worshipped Fedhas.
Fedhas was greatly pleased with you.
You visited 2 branches of the dungeon, and saw 12 of its levels.
You also visited: Sewer.

You collected 767 gold pieces.

Inventory:

Hand Weapons
 a - the +10 dagger of Fawicatze {vorpal, rC+}
   (You found it on level 7 of the Dungeon)

   It inflicts extra damage upon your enemies.
   It protects you from cold.
 m - the +7 mace of Variability (weapon) {chain chaos}
   (You found it on level 8 of the Dungeon)

   Each time it hits an enemy it has a different, random effect.
Missiles
 n - 6 atropa-tipped darts
 x - 7 curare-tipped darts (quivered)
Armour
 z - a +1 leather armour of magic resistance (worn)
Jewellery
 o - an amulet of reflection (around neck)
 s - a ring of wizardry (left hand)
 w - a +6 ring of intelligence
 A - an uncursed ring of positive energy
 E - a +4 ring of evasion (right hand)
Wands
 h - a wand of digging (5)
 p - a wand of paralysis (7)
 u - a wand of random effects (9)
 y - a wand of polymorph (9)
 D - a wand of flame (13)
Scrolls
 e - a scroll of amnesia
 f - 5 scrolls of identify
 j - 4 scrolls of immolation
 l - a scroll of teleportation
 q - a scroll of remove curse
 t - 2 scrolls of fog
 v - 2 scrolls of blinking {unknown}
 B - a scroll of vulnerability {unknown}
 F - a scroll of enchant armour {unknown}
Potions
 b - 2 potions of magic
 c - 2 potions of berserk rage
 d - 2 potions of brilliance
 g - 5 potions of haste
 i - a potion of resistance
 k - 5 potions of curing
 r - 4 potions of lignification
 C - a potion of cancellation


   Skills:
 + Level 3.7 Fighting
 * Level 5.4 Maces & Flails
 + Level 7.0 Dodging
 - Level 3.0 Stealth
   Level 2.4 Shields
 - Level 2.0 Spellcasting
 - Level 1.0 Transmutations
 - Level 13.2 Poison Magic
 + Level 7.8 Invocations


You had 3 spell levels left.
You knew the following spells:

 Your Spells              Type           Power        Failure   Level
a - Sting                 Tmut/Pois      ####         1%          1
b - Olgreb's Toxic Radia  Pois           ######..     1%          4
c - Ignite Poison         Fire/Tmut/Pois ###.....     4%          3
d - Mephitic Cloud        Conj/Pois/Air  ###.....     4%          3

Your spell library contained the following spells:

 Spells                   Type           Power        Failure   Level
 Poisonous Vapours        Pois/Air       ####..       1%          2
 Corona                   Hex            #......      9%          1
 Foxfire                  Conj/Fire      #...         9%          1
 Ensorcelled Hibernation  Hex/Ice        #.....       14%         2
 Confusing Touch          Hex            #.......     26%         3
 Conjure Flame            Conj/Fire      #.......     26%         3
 Dazzling Flash           Conj/Hex       #.....       26%         3
 Inner Flame              Hex/Fire       #.......     26%         3
 Tukima's Dance           Hex            #.......     26%         3
 Sticky Flame             Conj/Fire      #.......     63%         4
 Fireball                 Conj/Fire      #.........   91%         5


Dungeon Overview and Level Annotations

Branches:
Dungeon (11/15)            Temple (1/1) D:4            Lair (0/6) D:10
    Orc (0/2) D:10          Sewer (visited)

Altars:
Ashenzari
Cheibriados
Dithmenos
Elyvilon
Fedhas
Gozag
Hepliaklqana
Kikubaaqudgha
Makhleb
Nemelex Xobeh
Okawaru
Qazlal
Ru
Sif Muna
Trog
Uskayaw
Vehumet
Wu Jian
Xom
Yredelemnul
Zin
The Shining One


Innate Abilities, Weirdness & Mutations

You cannot wear boots.
Your serpentine skin is tough. (AC +3)
You have supernaturally acute eyesight. (SInv)
Armour fits poorly on your strangely shaped body.
Your system is resistant to poisons. (rPois)
You cover ground very slowly.
You can spit poison.


Message History

Fedhas accepts your kill.
Your toxic aura wanes.
Casting: Olgreb's Toxic Radiance (safe; 1% risk of failure)
Confirm with . or Enter, or press ? or * to list all spells.
You begin to radiate toxic energy.
The white ugly thing looks even sicker. x2
The white ugly thing looks as sick as possible!
Your toxic aura wanes.
You closely miss the white ugly thing.
The white ugly thing is moderately wounded.
The white ugly thing gores you. The white ugly thing freezes you!!
The white ugly thing gores you. The white ugly thing freezes you!!
* * * LOW HITPOINT WARNING * * *
Okay, then.
Okay, then.
Okay, then.
You feel yourself speed up. The white ugly thing gores you!
* * * LOW HITPOINT WARNING * * *
The white ugly thing freezes you!!
You die...
Fedhas appreciates your contribution to the ecosystem.

..................
#..............).)..
#..............))...
#.............).....
............).....
#......#....)..... ###
##...............
#..##...##..##...^...
#....^..@u..# .......
#....#.##..# .......
###.......#...#.......
#.........#....(......
###.......#..........#
#.........#####.
#..........##
#.......#...#
#............


You could see a white ugly thing (very poisoned).

Vanquished Creatures
  A two-headed ogre (D:10)
  Joseph (D:7)
  2 centaur skeletons (D:10)
  4 yaks (D:10)
  2 chaos spawn (D:8)
  Duvessa (D:7)
  2 sky beasts
  A hornet zombie (D:7)
  4 orc warriors
  2 ice beasts
  2 phantoms (D:7)
  7 ogres
  4 centaurs
  6 big kobolds
  4 bullfrogs
  A gnoll sergeant (D:11)
  Dowan (D:7)
  A water moccasin skeleton (D:5)
  2 scorpions
  8 killer bees
  5 wights
  2 howler monkeys
  A centaur zombie (D:7)
  A quasit (D:10)
  An orc priest (D:7)
  5 hounds
  4 orc wizards
  Ijyb (D:4)
  Natasha (twice) (D:2)
  An iguana (D:9)
  4 worker ants
  3 hound zombies
  2 worker ant zombies
  8 gnolls
  14 adders
  2 river rats
  A shadow imp (D:6)
  2 white imps
  2 ufetubi
  2 oozes (Sewer)
  An adder skeleton (D:4)
  4 worms
  A dart slug (D:4)
  5 leopard geckos
  20 orcs
  3 ball pythons
  3 bats
  8 giant cockroaches
  5 goblins
  6 hobgoblins
  17 jackals
  4 quokkas
  9 frilled lizards
  14 kobolds
  A leopard gecko zombie (D:8)
  13 rats
233 creatures vanquished.

Notes
Turn   | Place    | Note
-------+----------+-------------------------------------------
     0 | D:1      | Lanoc the Naga Venom Mage began the quest for the Orb.
     0 | D:1      | Reached XP level 1. HP: 15/15 MP: 3/3
   171 | D:2      | Reached XP level 2. HP: 17/22 MP: 0/5
   810 | D:2      | Noticed Natasha
   817 | D:2      | Killed Natasha
   817 | D:2      | Reached skill level 5 in Poison Magic
   817 | D:2      | Reached XP level 3. HP: 28/28 MP: 2/6
   979 | D:2      | Noticed Natasha
   986 | D:2      | Killed Natasha
   986 | D:2      | Reached XP level 4. HP: 24/36 MP: 2/7
  1254 | D:3      | Reached skill level 6 in Poison Magic
  1583 | D:3      | Reached XP level 5. HP: 42/42 MP: 5/8
  2592 | D:4      | Noticed an ogre
  2600 | D:4      | Killed an ogre
  2600 | D:4      | Reached skill level 7 in Poison Magic
  2600 | D:4      | Reached XP level 6. HP: 18/49 MP: 5/9
  2606 | D:4      | Learned a level 4 spell: Olgreb's Toxic Radiance
  3193 | D:4      | Reached skill level 8 in Poison Magic
  3274 | D:4      | Noticed Ijyb
  3283 | D:4      | Killed Ijyb
  3341 | D:4      | Found a staircase to the Ecumenical Temple.
  3350 | Temple   | Entered the Ecumenical Temple
  3600 | Temple   | Became a worshipper of Fedhas Madash
  4047 | D:5      | Entered Level 5 of the Dungeon
  4122 | D:5      | Learned a level 3 spell: Ignite Poison
  4141 | D:5      | Found a glowing drain.
  4147 | Sewer    | Entered a sewer
  4468 | Sewer    | Reached skill level 1 in Invocations
  4468 | Sewer    | Reached XP level 7. HP: 55/55 MP: 3/10
  4646 | Sewer    | Reached * piety under Fedhas
  4770 | Sewer    | Reached skill level 9 in Poison Magic
  5771 | D:5      | Reached XP level 8. HP: 24/62 MP: 11/11
  6020 | D:5      | Found a blossoming altar of Fedhas.
  6745 | D:6      | Reached skill level 10 in Poison Magic
  6948 | D:6      | Reached ** piety under Fedhas
  7292 | D:6      | Learned a level 3 spell: Mephitic Cloud
  7666 | D:6      | Reached skill level 11 in Poison Magic
  7929 | D:6      | Reached skill level 5 in Dodging
  8004 | D:6      | Found a shimmering altar of Xom.
  8250 | D:7      | Reached XP level 9. HP: 54/68 MP: 12/12
  8322 | D:7      | You fall into a shaft and drop 2 floors!
  8447 | D:7      | Reached skill level 5 in Invocations
  9179 | D:7      | Reached skill level 12 in Poison Magic
  9646 | D:7      | Noticed Joseph
  9661 | D:7      | Killed Joseph
  9661 | D:7      | Reached skill level 1 in Shields
  9991 | D:7      | Noticed Duvessa
  9991 | D:7      | Noticed Dowan
  9994 | D:7      | Killed Duvessa
  9994 | D:7      | Killed Dowan
 10090 | D:7      | Reached *** piety under Fedhas
 10108 | D:7      | Got a bloodstained dagger
 10108 | D:7      | Identified the +10 dagger of Fawicatze {vorpal, rC+} (You
                  | found it on level 7 of the Dungeon)
 10474 | D:8      | Reached skill level 13 in Poison Magic
 10474 | D:8      | Reached XP level 10. HP: 75/75 MP: 6/14
 10553 | D:8      | Found a shimmering altar of Xom.
 10558 | D:8      | Found the +7 mace of Variability {chain chaos}
 10754 | D:8      | Found a glowing silver altar of Zin.
 10895 | D:8      | Found an opulent altar of Gozag.
 11246 | D:9      | Reached skill level 1 in Maces & Flails
 11629 | D:9      | Reached skill level 1 in Fighting
 11781 | D:10     | Entered Level 10 of the Dungeon
 12306 | D:10     | Found a staircase to the Lair.
 12807 | D:10     | Reached **** piety under Fedhas
 13055 | D:10     | Found a staircase to the Orcish Mines.
 13118 | D:10     | Noticed a two-headed ogre
 13123 | D:10     | Killed a two-headed ogre
 13123 | D:10     | Reached skill level 5 in Maces & Flails
 13123 | D:10     | Reached XP level 11. HP: 54/90 MP: 16/16
 13293 | D:10     | Noticed a sea snake
 13775 | D:11     | Noticed a white ugly thing
 13785 | D:11     | HP: 2/91 [white ugly thing (7)]
 13785 | D:11     | Annihilated by a white ugly thing

Illustrated notes

Levels and vault maps discovered:
D:1:      dpeg_arrival_brainrot, layout_basic
D:2:      layout_basic, serial_rivers, chequers_serial_rivers_micro_e,
          chequers_serial_rivers_micro_a, chequers_serial_rivers_room_b,
          chequers_serial_rivers_room_a, chequers_serial_rivers_large_a,
          chequers_serial_rivers_small_3, uniq_natasha
D:3:      layout_basic, minmay_misc_feat_plants
D:4:      layout_loops_corners, minmay_temple_entry_junction_2, uniq_ijyb
D:5:      layout_loops_ring, gup_sewer_entry_bubbles,
          fedhas_bush_and_centaur_altar
D:6:      layout_basic, basic_altar, minmay_statues_item, grunt_decor_arrowhead
D:7:      layout_basic, corexii_checkpoint_b, minmay_misc_feat_encased,
          uniq_duvessa, uniq_joseph
D:8:      layout_cave_pools, lemuel_coloured_pillars_altar, basic_altar,
          minmay_guarded_unrand_variability
D:9:      layout_stronghold, minivault_27, serial_bayou_pond_d
D:10:     layout_loops_ring, dpeg_oklobed_lair, orc_0_dummy, serial_aquarium,
          aquarium_bridge_square [aquarium_subvault_window,
          aquarium_subvault_bridge, aquarium_subvault_wall,
          aquarium_subvault_wall], aquarium_bridge_long_joined
          [aquarium_subvault_bridge, aquarium_subvault_bridge,
          aquarium_subvault_bridge, aquarium_subvault_wall,
          aquarium_subvault_window, aquarium_subvault_bridge],
          aquarium_window_corridor_1, aquarium_window_2, aquarium_window_fake,
          aquarium_view_2f
D:11:     layout_rooms, minmay_mirror_moons_of_madness
Temple:   roderic_octagonal_lattice_temple

Skill      XL: |  1  2  3  4  5  6  7  8  9 10 11 |
---------------+----------------------------------+-----
Dodging        | 2 3 4 5 6 7 |  7.0
Poison Magic   | 5 6 7 8 9 11 13 | 13.2
Invocations    | 1 2 4 6 7 |  7.8
Shields        | 2 |  2.4
Maces & Flails | 5 |  5.4
Fighting       | 3 |  3.7
Stealth        | |  3.0
Spellcasting   | |  2.0
Transmutations | |  1.0

Action                   |  1- 3 |  4- 6 |  7- 9 | 10-12 || total
-------------------------+-------+-------+-------+-------++-------
Melee: Unarmed           |    26 |       |       |       ||    26
       Dagger            |     2 |    46 |   181 |    11 ||   240
       Staff             |       |       |     1 |       ||     1
       Great mace        |       |       |       |   109 ||   109
 Cast: Sting             |    30 |    79 |   133 |       ||   242
       Olgreb's Toxic Ra |       |     2 |    14 |     7 ||    23
       Ignite Poison     |       |       |     9 |     4 ||    13
       Mephitic Cloud    |       |       |     5 |       ||     5
 Abil: Spit Poison       |    14 |    36 |    48 |     4 ||   102
  Use: Scroll            |       |     8 |     8 |       ||    16
       Potion            |       |       |     8 |     1 ||     9
 Stab: Sleeping          |     1 |     1 |       |     3 ||     5
       Confused          |       |       |     1 |     1 ||     2
       Petrified         |       |       |       |     2 ||     2
       Paralysed         |       |       |       |     1 ||     1
Armor: Robe              |    10 |    20 |    47 |       ||    77
       Leather armour    |       |       |     1 |    23 ||    24
Dodge: Dodged            |    29 |    41 |   192 |    74 ||   336
Block: Buckler           |       |       |    20 |     5 ||    25
       Other             |       |       |    13 |    32 ||    45
       Reflection        |       |       |     3 |       ||     3

Table legend: (Time is in decaauts)
 A = Elapsed time spent in this place.
 B = Non-inter-level travel time spent in this place.
 C = Inter-level travel time spent in this place.
 D = Time resting spent in this place.
 E = Time spent auto-exploring this place.
 F = Levels seen in this place.
 G = Mean time per level.
                   A        B        C        D        E       F      G
               +--------+--------+--------+--------+--------+-----+--------+
         Total |  16388 |  16021 |    367 |    533 |  13421 |  13 | 1260.6 |
       Dungeon |  14496 |  14157 |    339 |    533 |  11884 |  11 | 1317.8 |
        Temple |    379 |    351 |     28 |      0 |    292 |   1 |  379.0 |
         Sewer |   1512 |   1512 |      0 |      0 |   1245 |   1 | 1512.0 |
               +--------+--------+--------+--------+--------+-----+--------+

Top non-repeatable levels by time:
     D:7: 2185 daAuts
    D:10: 1762 daAuts
     D:5: 1705 daAuts
     D:6: 1661 daAuts
     D:3: 1580 daAuts
     D:4: 1541 daAuts
   Sewer: 1512 daAuts
     D:9: 1454 daAuts
     D:2: 1223 daAuts
     D:8: 940 daAuts
  Temple: 379 daAuts
    D:11: 257 daAuts
     D:1: 184 daAuts
